 Dungeon Crawl Stone Soup version 0.22-a0-448-g1fb7470005 (webtiles) character file.

65 Oravi the Changer (level 4, -1/32 HPs)
             Began as a Merfolk Transmuter on June 4, 2018.
             Slain by a gnoll
             ... wielding a +0 flail
              (2 damage)
             ... on level 1 of the Dungeon.
             The game lasted 00:07:24 (2001 turns).

Oravi the Changer (Merfolk Transmuter)              Turns: 2001, Time: 00:07:25

Health: -1/32      AC:  3    Str: 10    XL:     4   Next: 13%
Magic:  3/7        EV: 13    Int: 13    God:
Gold:   77         SH:  0    Dex: 14    Spells: 1/7 levels left

rFire    . . .     SeeInvis .     - Unarmed
rCold    . . .     Gourm    .   (no shield)
rNeg     . . .     Faith    .   b - +0 robe
rPois    .         Spirit   .   (no helmet)
rElec    .         Reflect  .   (no cloak)
rCorr    +         Harm     .   p - +0 pair of gloves
MR       .....                  (no boots)
Stlth    +.........             (no amulet)
HPRegen  0.10/turn              l - ring of resist corrosion
MPRegen  0.10/turn              (no ring)

@: very slightly contaminated
A: change form in water, swift swim, stealthy swim
a: no special abilities


You were on level 1 of the Dungeon.
You were hungry.

You visited 1 branch of the dungeon, and saw 2 of its levels.

You collected 77 gold pieces.

Inventory:

Missiles
 a - 12 arrows
Armour
 b - a +0 robe (worn)
 p - a +0 pair of gloves (worn)
Jewellery
 l - a ring of resist corrosion (left hand)
Wands
 m - a wand of digging (16)
Scrolls
 c - a scroll of magic mapping {unknown}
 f - a scroll of enchant armour {unknown}
 h - a scroll of amnesia {unknown}
 i - a scroll of fog {unknown}
 j - a scroll of immolation {unknown}
 q - a scroll of identify {unknown}
Potions
 e - 3 potions of agility {unknown}
 g - 2 potions of curing {unknown}
 k - a potion of brilliance {unknown}
 o - a potion of invisibility {unknown}
Comestibles
 d - a ration
 n - 3 chunks of flesh


   Skills:
 - Level 1.1 Fighting
 - Level 2.7 Dodging
 - Level 3.4 Unarmed Combat
 - Level 2.0 Spellcasting
 + Level 4.9 Transmutations
 + Level 1.5 Poison Magic


You had one spell level left.
You knew the following spells:

 Your Spells              Type           Power        Failure   Level  Hunger
a - Spider Form           Tmut/Pois      #.........   21%         3    ####...
b - Sticks to Snakes      Tmut           ##......     4%          2    ###....
c - Beastly Appendage     Tmut           ##....       3%          1    ##.....

Your spell library contained the following spells:

 Spells                   Type           Power        Failure   Level  Hunger
 Blade Hands              Tmut           ##........   67%         5    ######.
 Ice Form                 Ice/Tmut       #.......     67%         4    #####..


Dungeon Overview and Level Annotations

Branches:
Dungeon (2/15)

Altars:


Message History

You are feeling hungry.
The gnoll hits you with a flail!
* * * LOW HITPOINT WARNING * * *
Your transformation has ended.
Your +0 pair of gloves unmelds from your body.
Your +0 robe unmelds from your body.
You see here a dagger.
There is a stone staircase leading up here.
Casting: Spider Form (safe; 21% risk of failure)
Confirm with . or Enter, or press ? or * to list all spells.
You miscast Spider Form.
You are very lightly contaminated with residual magic.
You feel odd. The gnoll hits you but does no damage.
The gnoll hits you from afar with a spear.
* * * LOW HITPOINT WARNING * * *
You climb upwards.
There is a stone staircase leading down here.
The gnoll hits you with a flail.
You die...

### #########.##
##########
.........#.#######
#.........
#########........#
#.###.####
#.######.## #.#
#..# #
#######.........#
#.# ♣♣.♣ #
#.......######@.#
#.##♣P.♣ #
#.#######
#.g######...♣..♣ #
#.#
#.>.......##♣..♣ #
#.#
##.######.##♣♣.♣♣#
#.# #.# #.^.♣.P.♣.
#.# #.# #.##♣♣♣.♣.
#.# #.# #.##♣♣.♣♣#
###.# #.#
##....♣.♣♣. ....#
#.#####...##..###


You could see a gnoll.

Vanquished Creatures
  A gnoll (D:2)
  2 worms (D:2)
  A dart slug (D:1)
  2 leopard geckos
  2 giant cockroaches (D:2)
  5 goblins
  6 hobgoblins
  2 jackals (D:1)
  A quokka (D:2)
  4 ball pythons
  5 bats
  4 frilled lizards
  4 kobolds
  3 rats
42 creatures vanquished.

Notes
Turn   | Place    | Note
-------+----------+-------------------------------------------
     0 | D:1      | Oravi the Merfolk Transmuter began the quest for the Orb.
     0 | D:1      | Reached XP level 1. HP: 15/15 MP: 3/3
   209 | D:1      | Reached skill level 3 in Transmutations
   215 | D:1      | Reached XP level 2. HP: 16/21 MP: 3/5
   624 | D:1      | Reached skill level 4 in Transmutations
  1014 | D:2      | Reached XP level 3. HP: 10/26 MP: 4/6
  1233 | D:1      | Learned a level 2 spell: Sticks to Snakes
  1237 | D:1      | Learned a level 3 spell: Spider Form
  1589 | D:2      | Reached skill level 1 in Poison Magic
  1946 | D:2      | Reached XP level 4. HP: 12/32 MP: 3/7
  1998 | D:2      | HP: 1/32 [gnoll/spear (6)]
  2001 | D:1      | Slain by a gnoll

Vault maps used:
D:1:      grunt_arrival_crossed_arrows, serial_forest,
          infiniplex_forest_clump_C, infiniplex_forest_lined_4_way,
          infiniplex_forest_zigzag_1, infiniplex_forest_end_3,
          infiniplex_forest_lined_4_way, infiniplex_forest_straight_2
D:2:      grunt_ministairs_9

Skill      XL: |  1  2  3 |
---------------+----------+-----
Transmutations | 3 4 |  4.9
Poison Magic   | 1 |  1.5
Fighting       | |  1.1
Dodging        | |  2.7
Unarmed Combat | |  3.4
Spellcasting   | |  2.0

Action                   |  1- 3 |  4- 6 || total
-------------------------+-------+-------++-------
Melee: Unarmed           |   117 |     3 ||   120
       Headbutt          |    10 |       ||    10
       Punch             |     3 |       ||     3
 Cast: Beastly Appendage |    16 |       ||    16
       Spider Form       |     9 |     1 ||    10
 Stab: Sleeping          |     1 |       ||     1
  Eat: Chunk             |     5 |       ||     5
Armor: Robe              |    13 |     1 ||    14
       Skin              |     3 |       ||     3
Dodge: Dodged            |    90 |     1 ||    91

Table legend:
 A = Spawn XP
 B = Non-spawn XP
 C = Spawn XP percentage of total XP
 D = Spawn monster count
 E = Non-spawn monster count
 F = Spawn count percentage of total count
 G = Total turns spent on level
                    A         B        C        D         E        F      G
               +---------+---------+-------+---------+---------+-------+---------
         Total |       0 |      93 |   0.0 |       0 |      42 |   0.0 |  2001
               +---------+---------+-------+---------+---------+-------+---------
           D:1 |       0 |      32 |   0.0 |       0 |      18 |   0.0 |  1277
           D:2 |       0 |      61 |   0.0 |       0 |      24 |   0.0 |   724
               +---------+---------+-------+---------+---------+-------+---------
